 Dungeon Crawl Stone Soup version 0.30-a0-1018-g25214051b3 (webtiles) character file.

Game seed: 3711938904469771284

78 Zeldest the Chopper (level 4, 0/39 HPs)
             Began as an Armataur Reaver on Apr 7, 2023.
             Was a Plaything of Xom.
             Succumbed to a scorpion's poison
             ... on level 3 of the Dungeon.
             The game lasted 00:02:15 (1637 turns).

Zeldest the Chopper (Armataur Reaver)               Turns: 1637, Time: 00:02:16

Health: 0/39       AC:  4    Str: 20    XL:     4   Next: 15%
Magic:  6/6        EV:  9    Int: 13    God:    Xom [....*.]
Gold:   116        SH:  0    Dex:  8    Spells: 5/6 levels left

rFire   + . .      SeeInvis .    p - +1 hand axe (heavy)
rCold   . . .      Faith    .    (no shield)
rNeg    . . .      Spirit   .    b - +0 leather armour
rPois   .          Reflect  .    (no helmet)
rElec   .          Roll     +    (no cloak)
rCorr   .                        (no gloves)
Will    .....                    (no barding)
Stlth   +                        (no amulet)
HPRegen 0.26/turn                j - ring of protection from fire
MPRegen 0.10/turn                (no ring)

@: lethally poisoned (0 -> -47)
A: large, rugged brown scales 3, deformed body, armoured tail, roll, long
tongue, awkward tongue
a: Renounce Religion


You were on level 3 of the Dungeon.
You worshipped Xom.
You were a beloved toy of Xom.
You visited 1 branch of the dungeon, and saw 3 of its levels.

You collected 116 gold pieces.

Inventory:

Hand Weapons
 a - a +0 quarterstaff
 p - a +1 heavy hand axe (weapon)
Armour
 b - a +0 leather armour (worn)
Jewellery
 j - a ring of protection from fire (left hand)
Scrolls
 c - a scroll of torment {unknown}
 d - a scroll of noise {unknown}
 e - 2 scrolls of identify {unknown}
 h - a scroll of immolation {unknown}
 i - a scroll of teleportation {unknown}
 l - a scroll of enchant armour {unknown}
 m - a scroll of enchant weapon {unknown}
 n - a scroll of fear {unknown}
Potions
 g - a potion of heal wounds
 k - a potion of ambrosia {unknown}
 o - a potion of curing {unknown}


   Skills:
 + Level 2.7 Fighting
 * Level 3.7 Axes
 - Level 1.3 Dodging
 - Level 1.7 Spellcasting
 - Level 2.6 Conjurations


You had 5 spell levels left.
You knew the following spells:

 Your Spells              Type           Power      Damage    Failure   Level
a - Kiss of Death         Conj/Necr      16%        2d6       19%         1

Your spell library contained the following spells:

 Spells                   Type           Power      Damage    Failure   Level
 Momentum Strike          Conj/Tloc      8%         3d8       26%         2
 Poisonous Vapours        Pois/Air       2%         N/A       43%         2
 Hailstorm                Conj/Ice       4%         3d4       47%         3
 Mephitic Cloud           Conj/Pois/Air  3%         N/A       54%         3
 Portal Projectile        Hex/Tloc       2%         N/A       67%         3
 Tukima's Dance           Hex            1%         N/A       67%         3
 Freezing Cloud           Conj/Ice/Air   1%         6-21      99%         5
 Blade Hands              Tmut           0%         N/A       100%        5


Dungeon Overview and Level Annotations

Branches:
Dungeon (3/15) Zot: 16308

Altars:
Ru
Xom


Innate Abilities, Weirdness & Mutations

You are completely covered in rugged brown scales. (AC +3, +7% HP)
Armour fits poorly on your strangely shaped body.
You have a long armoured tail.
You roll when moving toward enemies. (Rampage)
Your long tongue fully drains potion bottles. (2x potion effects)
Your tongue gives you trouble enunciating. (1.5x scroll delay)


Message History

You detect creatures!
You are now a beloved toy of Xom.
You hear an angry hiss.
The scorpion barely misses you. x2; The adder moves out of view.
You hear an angry hiss.
A scorpion is nearby!
You hit the scorpion but do no damage.
The scorpion is moderately wounded.
You hear an angry hiss.
The scorpion stings you.
You are poisoned.
The scorpion poisons you!
Okay, then.
You aren't carrying any items that you can evoke.
Unknown command.
Okay, then.
You aren't carrying any items that you can evoke.
Unknown command.
You hit the scorpion but do no damage.
You tail-slap the scorpion, but do no damage.
The scorpion is moderately wounded.
You feel very sick.
An adder comes into view.
The scorpion stings you.
You are more poisoned.
The scorpion poisons you! The scorpion stings you.
You are lethally poisoned!
The scorpion poisons you!
You closely miss the scorpion.
The scorpion is lightly wounded.
You feel extremely sick. The scorpion stings you.
You are more poisoned.
The scorpion poisons you! The scorpion stings you.
You are more poisoned.
The scorpion poisons you!
You hit the scorpion.
The scorpion is moderately wounded.
You die...
Xom snickers!

### ## ...
.. K ...#.
l #.#. ..S
S #s### g
w K#.@.#
###.# S
#.# ###.#
#...# .
###.### ..
#...#
...###..##
#### o
##......#
...


You could see a scorpion and an adder.

Vanquished Creatures
  An adder (D:2)
  A worm (D:2)
  A dart slug (D:1)
  3 orcs (D:3)
  8 endoplasms
  3 giant cockroaches
  4 hobgoblins
  6 jackals (D:1)
  2 quokkas
  6 ball pythons
  5 bats
  5 frilled lizards
  2 goblins (D:2)
  3 kobolds (D:1)
  9 rats
59 creatures vanquished.

Notes
Turn   | Place    | Note
-------+----------+-------------------------------------------
     0 | D:1      | Zeldest the Armataur Reaver began the quest for the Orb.
     0 | D:1      | Reached XP level 1. HP: 18/18 MP: 3/3
   118 | D:1      | Reached XP level 2. HP: 25/25 MP: 4/4
   161 | D:1      | Found a faded altar of an unknown god.
   174 | D:1      | Reached skill level 3 in Axes
   290 | D:1      | Prayed at the altar of an unknown god.
   290 | D:1      | Became a worshipper of Xom of Chaos
   424 | D:1      | Reached XP level 3. HP: 26/31 MP: 5/5
   992 | D:2      | HP: 1/32 [goblin/+0 mace (7)]
  1144 | D:2      | XOM: silly message
  1176 | D:2      | Found a sacrificial altar of Ru.
  1388 | D:2      | Reached XP level 4. HP: 37/39 MP: 6/6
  1632 | D:3      | Noticed a scorpion
  1633 | D:3      | XOM: divination: detect creatures
  1637 | D:3      | Succumbed to a scorpion's poison

Illustrated notes

Levels and vault maps discovered:
D:1:      dpeg_arrival_line_fractal, layout_basic, ebering_ecumenical_altar_box,
          nicolae_concentric_dashed_squares_wild, grunt_decor_junction
D:2:      layout_basic, basic_altar
D:3:      layout_basic, minmay_quantized

Skill      XL: |  1  2 |
---------------+-------+-----
Fighting       | 2 |  2.7
Axes           | 3 |  3.7
Dodging        | |  1.3
Spellcasting   | |  1.7
Conjurations   | |  2.6

Action                     |  1- 3 |  4- 6 || total
---------------------------+-------+-------++-------
  Melee: Hand axe          |    58 |     6 ||    64
         Morningstar       |    95 |    17 ||   112
         Tailslap          |     9 |     4 ||    13
         Punch             |       |     1 ||     1
    Use: Potion            |     1 |       ||     1
 Armour: Leather armour    |    56 |     7 ||    63
  Dodge: Dodged            |    95 |    10 ||   105

Table legend: (Time is in decaauts)
 A = Elapsed time spent in this place.
 B = Non-inter-level travel time spent in this place.
 C = Inter-level travel time spent in this place.
 D = Time resting spent in this place.
 E = Time spent auto-exploring this place.
 F = Levels seen in this place.
 G = Mean time per level.
                   A        B        C        D        E       F      G
               +--------+--------+--------+--------+--------+-----+--------+
         Total |   1691 |   1656 |     35 |    161 |   1027 |   3 |  563.7 |
       Dungeon |   1691 |   1656 |     35 |    161 |   1027 |   3 |  563.7 |
               +--------+--------+--------+--------+--------+-----+--------+

Top non-repeatable levels by time:
     D:1: 902 daAuts
     D:2: 665 daAuts
     D:3: 122 daAuts
